Cogmind - Beta 15 --- EXPLORER MODE // 2025.08.25 @ 23:52:08 Player: arctifire Result: Self-destructed Performance ------------- Evolutions (2) 1000 Regions Visited (5) 1000 Robots Destroyed (4) 20 Value Destroyed (170) 170 Prototype IDs (23) 460 Alien Tech Used (0) 0 Bonus (300) 300 TOTAL SCORE: 2950 Bonus ------- Aligned with FarCom 300 Cogmind --------- Core Integrity 541/550 Matter 276/300 Energy 125/125 System Corruption 0% Temperature Cool (67) Movement Walking (190) Ox1 Location -8/Materials Parts ------- > --- POWER (2) -------- Light Ion Engine > --- PROPULSION (3) --- Aluminum Leg Aluminum Leg > --- UTILITY (4) ------ Large Storage Unit Supersonic Drone Bay (1/1) > --- WEAPON (3) ------- Medium Laser Assault Rifle Assault Rifle > --- INVENTORY (15) --- Ion Engine Light Treads Light Treads Medium Storage Unit Terrain Scanner Seismic Detector Propulsion Shielding Light Armor Plating Decoy Drone Bay Peak State ------------ > --- POWER ------------ Light Ion Engine > --- PROPULSION ------- Aluminum Leg Aluminum Leg > --- UTILITY ---------- Large Storage Unit Supersonic Drone Bay > --- WEAPON ----------- Medium Laser Assault Rifle Assault Rifle > --- INVENTORY -------- Ion Engine Light Treads Light Treads Medium Storage Unit Terrain Scanner Seismic Detector Propulsion Shielding Light Armor Plating Decoy Drone Bay [Rating: 17] Favorites ----------- Power Light Ion Engine Engine Light Ion Engine Propulsion Aluminum Leg Leg Aluminum Leg Utility Large Storage Unit Device Supersonic Drone Bay Storage Large Storage Unit Protection Light Armor Plating Weapon Assault Rifle Energy Gun Medium Laser Ballistic Gun Assault Rifle Build | -11 -10 -10 -10 -9 -8 ------- Run | Yrd Mat Min Exi Min Mat Slots Evolved 5 | . 1 . . . 4 Power 1 | . . . . . 1 Propulsion 1 | . . . . . 1 Utility 2 | . . . . . 2 Weapon 1 | . 1 . . . . Parts Attached 8 | . 7 . 1 . . Power 1 | . 1 . . . . Engine 1 | . 1 . . . . Core . | . . . . . . Reactor . | . . . . . . Propulsion 2 | . 2 . . . . Treads . | . . . . . . Leg 2 | . 2 . . . . Wheel . | . . . . . . Hover . | . . . . . . Flight . | . . . . . . Utility 3 | . 2 . 1 . . Device 1 | . . . 1 . . Storage 1 | . 1 . . . . Processor . | . . . . . . Hackware . | . . . . . . Protection 1 | . 1 . . . . Artifact . | . . . . . . Weapon 2 | . 2 . . . . Energy Gun 1 | . 1 . . . . Energy Cannon . | . . . . . . Ballistic Gun 1 | . 1 . . . . Ballistic Cannon . | . . . . . . Launcher . | . . . . . . Special Weapon . | . . . . . . Impact Weapon . | . . . . . . Slashing Weapon . | . . . . . . Piercing Weapon . | . . . . . . Special Melee Weapon . | . . . . . . Unidentified Prototypes . | . . . . . . Parts Lost . | . . . . . . Power . | . . . . . . Propulsion . | . . . . . . Utility . | . . . . . . Weapon . | . . . . . . Highest Loss Streak . | . . . . . . To Critical Strikes . | . . . . . . Average Backups 8 | 7 6 7 8 9 9 Power 1 | 1 1 1 1 1 1 Propulsion 2 | 2 2 2 2 2 2 Utility 5 | 3 3 4 5 6 6 Weapon . | 1 . . . . . Tool/Special . | . . . . . . Unused Backups 2 | . . . . . 2 Power . | . . . . . . Propulsion . | . . . . . . Utility 2 | . . . . . 2 Weapon . | . . . . . . Tool/Special . | . . . . . . Average Slot Usage (%) 92 | . 93 100 100 100 66 Engine 11 | . 10 12 12 12 8 Leg 23 | . 23 25 25 25 16 Device 5 | . . . 5 12 8 Storage 11 | . 12 12 12 12 8 Protection 5 | . 11 12 6 . . Energy Gun 11 | . 10 12 12 12 8 Ballistic Gun 23 | . 23 25 25 25 16 Peak Build Rating 17 | 7 8 10 17 17 17 Average Rating 13 | 7 7 9 13 17 17 On Entrance 11 | 7 7 8 10 17 17 Naked Turns . | . . . . . . Heaviest Build 32 | 20 32 32 32 30 30 Greatest Support 20 | 20 20 20 20 20 20 Greatest Overweight (x) 2 | . 2 1 1 1 1 Average Overweight (x) 1 | . 1 1 1 1 1 Largest Inventory Capacity 15 | 10 15 15 15 15 15 Average Capacity 14 | 10 14 15 15 15 15 Most Carried 10 | 7 7 9 10 10 10 Average Carried 9 | 7 6 8 9 10 10 Final Capacity 15 | 10 15 15 15 15 15 Final Carried 10 | 7 7 9 10 10 10 Class Distribution -------------------- 43% | Hacker-Tank 42% | Hacker-Skirmisher 14% | Hacker-Gunner Dominant Class ---------------- Hacker-Tank | -10/Materials Hacker-Tank | -10/Mines Hacker-Tank | -10/Exiles Hacker-Skirmisher | -9/Mines Hacker-Skirmisher | -8/Materials Resources | -11 -10 -10 -10 -9 -8 ----------- Run | Yrd Mat Min Exi Min Mat Matter Collected 360 | 200 36 102 . . 22 Remotely . | . . . . . . Salvage Created 180 | . 36 89 . . 55 Parts 8 | . . 4 . . 4 Haulers Intercepted . | . . . . . . Recyclers Shooed . | . . . . . . Parts Field Recycled . | . . . . . . Retrieved Matter . | . . . . . . Parts Self-Destructed . | . . . . . . Prevented . | . . . . . . Kills | -11 -10 -10 -10 -9 -8 ------- Run | Yrd Mat Min Exi Min Mat Combat Hostiles Destroyed 4 | . 1 2 . . 1 Guns 4 | . 1 2 . . 1 Classes Destroyed 2 | . 1 . . . 1 Grunt 3 | . 1 2 . . . Sentry 1 | . . . . . 1 Best Kill Streak 2 | . 1 2 . . 1 Combat Bots Only 2 | . 1 2 . . 1 Max Kills in Single Turn 1 | . 1 1 . . 1 Gunslinging . | . . . . . . Exploded . | . . . . . . Melee . | . . . . . . Uniques/NPCs Destroyed . | . . . . . . Combat | -11 -10 -10 -10 -9 -8 -------- Run | Yrd Mat Min Exi Min Mat Hostile Shots Fired 22 | . 4 6 . . 12 Missed 5 | . 1 2 . . 2 Hits 17 | . 3 4 . . 10 Projectile 17 | . 3 4 . . 10 Damage Taken 147 | . 20 34 . . 93 Core 9 | . . . . . 9 Absorbed by Shields . | . . . . . . Ignored by Resistances 89 | . 13 20 . . 56 Core Remaining (%) 100 | 100 . . . 100 . Volleys Fired 14 | . 3 5 . . 6 Largest 3 | . 3 3 . . 3 Hottest 90 | . 90 90 . . 90 Shots Fired 42 | . 9 15 . . 18 Gun 42 | . 9 15 . . 18 Cannon . | . . . . . . Launcher . | . . . . . . Special . | . . . . . . Kinetic 28 | . 6 10 . . 12 Thermal 14 | . 3 5 . . 6 Explosive . | . . . . . . Electromagnetic . | . . . . . . Robot Hit Streak 8 | . 4 8 . . 7 Robot Miss Streak 1 | . 1 1 . . 1 Penetration Max . | . . . . . . Secondary Targets . | . . . . . . Shots Hit Robots 32 | . 7 11 . . 14 Core Hits 11 | . 2 5 . . 4 Critical Kills . | . . . . . . Critical Parts Destroyed 1 | . . . . . 1 Critical Strikes 2 | . 1 . . . 1 Burn 1 | . 1 . . . . Destroy 1 | . . . . . 1 Melee Attacks . | . . . . . . Impact . | . . . . . . Slashing . | . . . . . . Piercing . | . . . . . . Sneak Attacks . | . . . . . . Combat Hostiles . | . . . . . . Follow-up Attacks . | . . . . . . Damage Inflicted 408 | . 92 143 . . 173 Guns 408 | . 92 143 . . 173 Cannons . | . . . . . . Explosions . | . . . . . . Melee . | . . . . . . Ramming . | . . . . . . Kinetic 268 | . 54 105 . . 109 Thermal 140 | . 38 38 . . 64 Explosive . | . . . . . . Electromagnetic . | . . . . . . Impact . | . . . . . . Slashing . | . . . . . . Piercing . | . . . . . . Highest Corruption . | . . . . . . Average Corruption . | . . . . . . Corruption Purged . | . . . . . . Corruption Blocked . | . . . . . . Overload Shots . | . . . . . . Overflow Damage . | . . . . . . Projectiles . | . . . . . . Explosions . | . . . . . . Melee . | . . . . . . Knockbacks . | . . . . . . Impact . | . . . . . . Kinetic . | . . . . . . Secondary . | . . . . . . Self-Inflicted Damage . | . . . . . . Shots . | . . . . . . Rammed . | . . . . . . Targets Rammed . | . . . . . . Kicked . | . . . . . . Crushed . | . . . . . . Highest Temperature 183 | . 118 183 . . 93 Average Temperature 61 | . 59 81 . . 33 Received Heat Transfer 123 | . 18 33 . . 72 Siege Activations . | . . . . . . Martial Activations . | . . . . . . Shielding Activations . | . . . . . . Robots Disrupted . | . . . . . . Combat Hostiles . | . . . . . . Robots Corrupted . | . . . . . . Combat Hostiles . | . . . . . . Parts Fried . | . . . . . . Impact Corruptions . | . . . . . . Robots Melted . | . . . . . . Combat Hostiles . | . . . . . . Parts Melted . | . . . . . . Heat Transferred 481 | . 185 111 . . 185 Parts Sabotaged . | . . . . . . Parts Stolen . | . . . . . . Parts Stripped . | . . . . . . Power Chain Reactions . | . . . . . . Alert | -11 -10 -10 -10 -9 -8 ------- Run | Yrd Mat Min Exi Min Mat Maximum Alert Level . | . . . . . . Low Security (%) 100 | 100 100 100 . 100 100 Level 1 . | . . . . . . Level 2 . | . . . . . . Level 3 . | . . . . . . Level 4 . | . . . . . . Level 5 . | . . . . . . High Security . | . . . . . . Max Security . | . . . . . . Peak Influence 39 | . 20 39 . . 31 Initial . | . . . . . . Average 1 | . 1 4 . . 2 Influence Increases 105 | . 20 54 . . 31 Destroy 0b10 Robot/C 80 | . 20 40 . . 20 Destroy Leader 20 | . . 10 . . 10 Disable Machine 4 | . . 4 . . . Destroy Structure 1 | . . . . . 1 Influence Decreases 105 | . 20 54 . . 31 Time Decay 105 | . 20 54 . . 31 Squads Dispatched 1 | . . . . . 1 Investigation . | . . . . . . Extermination . | . . . . . . Reinforcement . | . . . . . . Assault . | . . . . . . Garrison 1 | . . . . . 1 Intercept . | . . . . . . Searches Triggered . | . . . . . . Construction Impeded . | . . . . . . Haulers Reinforced . | . . . . . . Active Scanning Responses . | . . . . . . Cargo Convoy Interrupts . | . . . . . . Stealth | -11 -10 -10 -10 -9 -8 --------- Run | Yrd Mat Min Exi Min Mat Distress Signals 1 | . . . . . 1 Communications Jammed . | . . . . . . Distress Signals . | . . . . . . Times Spotted 7 | . 1 2 . . 4 Peak Tracking Total 3 | . 1 2 . . 3 Tactical Retreats . | . . . . . . Traps | -11 -10 -10 -10 -9 -8 ------- Run | Yrd Mat Min Exi Min Mat Traps Triggered 4 | . 4 . . . . Indirectly . | . . . . . . Trap Hack Attempts . | . . . . . . Triggered . | . . . . . . Disarmed . | . . . . . . Reprogrammed . | . . . . . . Reused . | . . . . . . Traps Extracted . | . . . . . . Installed . | . . . . . . Triggered . | . . . . . . Machines | -11 -10 -10 -10 -9 -8 ---------- Run | Yrd Mat Min Exi Min Mat Machines Disabled 1 | . . 1 . . . Max in Single Turn 1 | . . 1 . . . Machines Repaired . | . . . . . . Machines Dismantled . | . . . . . . Machines Sabotaged . | . . . . . . Overloaded Fab Kills . | . . . . . . Hacking | -11 -10 -10 -10 -9 -8 --------- Run | Yrd Mat Min Exi Min Mat Machines Accessed 2 | . . 1 1 . . Terminals . | . . . . . . Fabricators . | . . . . . . Repair Stations . | . . . . . . Recycling Units . | . . . . . . Scanalyzers . | . . . . . . Garrison Access . | . . . . . . Total Hacks 2 | . . 1 1 . . Successful 2 | . . 1 1 . . Failed . | . . . . . . Catastrophic . | . . . . . . Database Lockouts . | . . . . . . Manual 1 | . . . 1 . . Terminals . | . . . . . . Fabricators . | . . . . . . Repair Stations . | . . . . . . Recycling Units . | . . . . . . Scanalyzers . | . . . . . . Garrison Access . | . . . . . . Terminal Hacks 2 | . . 1 1 . . Open Door 1 | . . 1 . . . Proto ID Catalog 1 | . . . 1 . . Fabricator Hacks . | . . . . . . Repair Station Hacks . | . . . . . . Recycling Unit Hacks . | . . . . . . Scanalyzer . | . . . . . . Garrison Access Hacks . | . . . . . . Unauthorized Hacks . | . . . . . . Terminals . | . . . . . . Fabricators . | . . . . . . Repair Stations . | . . . . . . Recycling Units . | . . . . . . Scanalyzers . | . . . . . . Garrison Access . | . . . . . . Data Cores Recovered . | . . . . . . Used . | . . . . . . Hacking Detections . | . . . . . . Full Trace Events . | . . . . . . Feedback Events . | . . . . . . Feedback Blocked . | . . . . . . Robot Schematics Acquired . | . . . . . . Robots Built . | . . . . . . Authchips . | . . . . . . Time . | . . . . . . Total Robot Build Rating . | . . . . . . Part Schematics Acquired . | . . . . . . Parts Built . | . . . . . . Authchips . | . . . . . . Time . | . . . . . . Total Part Build Rating . | . . . . . . Parts Repaired . | . . . . . . Time . | . . . . . . Parts Recycled . | . . . . . . Recycled Matter . | . . . . . . Retrieved Matter . | . . . . . . Retrieved Components . | . . . . . . Parts Scanalyzed . | . . . . . . Part Schematics Acquired . | . . . . . . Parts Damaged . | . . . . . . Bothacking | -11 -10 -10 -10 -9 -8 ------------ Run | Yrd Mat Min Exi Min Mat Used RIF Installer . | . . . . . . Robots Hacked . | . . . . . . Non-combat . | . . . . . . Combat . | . . . . . . Robot Hacks Applied . | . . . . . . Relay Couplers Released . | . . . . . . Fabnet Peak Effective % . | . . . . . . Robots Rewired . | . . . . . . Allies Hacked . | . . . . . . Hacks Repelled . | . . . . . . Allies | -11 -10 -10 -10 -9 -8 -------- Run | Yrd Mat Min Exi Min Mat Total Allies . | . . . . . . Largest Group . | . . . . . . Highest-Rated Group . | . . . . . . Highest-Rated Ally . | . . . . . . Total Orders 4 | . . . 2 . 2 ROAM 1 | . . . . . 1 EXPLORE 2 | . . . 1 . 1 RETURN 1 | . . . 1 . . Ally Attacks . | . . . . . . Total Damage . | . . . . . . Kills . | . . . . . . Allies Corrupted . | . . . . . . Allies Melted . | . . . . . . Intel | -11 -10 -10 -10 -9 -8 ------- Run | Yrd Mat Min Exi Min Mat Active Infowar (turns) . | . . . . . . Robot Analysis Total . | . . . . . . Derelict Logs Recovered 2 | . . . . 2 . Drone Launches 2 | . . . 1 . 1 Drone Recoveries 2 | . . . 1 . 1 Exploration | -11 -10 -10 -10 -9 -8 ------------- Run | Yrd Mat Min Exi Min Mat Turns Passed 1875 | 2 197 310 586 417 363 Spaces Moved 890 | 2 90 150 304 220 124 Core . | . . . . . . Treads . | . . . . . . Legs 890 | 2 90 150 304 220 124 Wheels . | . . . . . . Hover . | . . . . . . Flight . | . . . . . . Fastest Speed 120 | 120 120 190 190 190 190 Average Speed 190 | 120 195 190 190 190 190 Slowest Speed 260 | 120 260 190 190 190 190 Overloaded Moves . | . . . . . . Propulsion Burnouts . | . . . . . . Robots Hopped . | . . . . . . Potential Cave-ins . | . . . . . . Cave-ins Triggered . | . . . . . . Exploration Rate (%) 46 | 2 14 34 91 41 94 Regions Visited 5 Branch Regions 3 Pre-discovered Areas 1 | . . . . 1 . Known Exits Taken 5 | 1 1 1 1 1 . Unknown Exits Taken . | . . . . . . Scrap Searched . | . . . . . . Spaces Dug . | . . . . . . Terrain Destroyed . | . . . . . . Melee . | . . . . . . Projectile . | . . . . . . AOE . | . . . . . . Terrain Rammed . | . . . . . . Walls Destroyed . | . . . . . . Machines Disabled . | . . . . . . Actions | -11 -10 -10 -10 -9 -8 --------- Run | Yrd Mat Min Exi Min Mat Total 1034 | 1 101 164 312 219 237 Wait 123 | . . 9 7 . 107 Move 885 | 1 89 149 303 219 124 Hop . | . . . . . . Pick Up 2 | . . 1 1 . . Fast Attach 7 | . 7 . . . . Attach 1 | . 1 . . . . Detach . | . . . . . . Swap 2 | . 1 . 1 . . Drop . | . . . . . . Fire 14 | . 3 5 . . 6 Melee . | . . . . . . Ram . | . . . . . . Kick . | . . . . . . Crush . | . . . . . . Escape Stasis . | . . . . . . Rewire . | . . . . . . Trap . | . . . . . . Miscellaneous . | . . . . . . Route ------- -11/Scrapyard -10/Materials -10/Mines (discovered 3 exits: *Mat / *Exi / *Sub) -10/Exiles (discovered 2 exits: *Min x2) -9/Mines -8/Materials (discovered 3 exits: *Fac x3) History --------- Turn | Location | Event 1 | -11/Scrapyard | Identified exit to Materials 1 | -11/Scrapyard | Discovered exit to Materials (range 1) 3 | -11/Scrapyard | Entered Materials 3 | -10/Materials | Evolved 1 slot: Weapon x1 139 | -10/Materials | Identified exit to Mines 139 | -10/Materials | Discovered exit to Mines (range 16) 200 | -10/Materials | Entered Mines 283 | -10/Mines | Found the Drone Emporium 292 | -10/Mines | Found Prototype Device 300 | -10/Mines | Build established: Hacker-Tank 342 | -10/Mines | Identified exit to Materials 342 | -10/Mines | Discovered exit to Materials (range 5) 440 | -10/Mines | Identified exit to Subcaves 440 | -10/Mines | Discovered exit to Subcaves (range 13) 497 | -10/Mines | Deemed a non-threat by the Exiles lab entrance 498 | -10/Mines | Identified exit to Exiles 498 | -10/Mines | Discovered exit to Exiles (range 5) 510 | -10/Mines | Entered Exiles 558 | -10/Exiles | Identified exit to Mines 558 | -10/Exiles | Discovered exit to Mines (range 15) 581 | -10/Exiles | Met 8R-AWN 621 | -10/Exiles | Met EX-HEX 702 | -10/Exiles | Met EX-BIN 746 | -10/Exiles | Aligned with FarCom system 748 | -10/Exiles | Given EX-Vault access code 805 | -10/Exiles | Opened EX-Vault 826 | -10/Exiles | Found Supersonic Drone Bay 835 | -10/Exiles | Discovered exit to Mines (range 57) 877 | -10/Exiles | Warned to stay clear of 0b10 Research branches 947 | -10/Exiles | Met EX-DEC 1096 | -10/Exiles | Left Exiles lab with Supersonic Drone Bay 1096 | -10/Exiles | Entered Mines 1115 | -9/Mines | Met a Derelict bent on vengeance 1382 | -9/Mines | Build established: Hacker-Skirmisher 1400 | -9/Mines | Received a Rocket Launcher from a helpful Derelict 1404 | -9/Mines | Identified exit to Materials 1404 | -9/Mines | Discovered exit to Materials (range 10) 1406 | -9/Mines | Learned 2 Materials zone layouts 1513 | -9/Mines | Entered Materials 1513 | -8/Materials | Evolved 4 slots: Power x1, Propulsion x1, Utility x2 1514 | -8/Materials | Identified exit to Factory 1519 | -8/Materials | Discovered exit to Factory (range 74) 1524 | -8/Materials | Discovered exit to Factory (range 105) 1869 | -8/Materials | Garrison activated, responded to threat 1876 | -8/Materials | Self-destructed Last Messages --------------- PARAMETERS=POWER+1,PROPULSION+1,UTILITY+2 LOCATION=MATERIALS GOAL=ESCAPE 01513_ Receiving FarCom transmissions... 01514_ Trailblazer released from Supersonic Drone Bay. Loading 2 Materials zones... 01519_ EXIT=FOUND: FACTORY 01526_ K-01 Serf collects debris. 01536_ Trailblazer retrieved by Supersonic Drone Bay (no repairs). 01539_ Acquired 10 matter. 01734_ Y-45 Defender destroyed. 01744_ Acquired 12 matter. 01744_ U-05 Engineer builds a Door. 01760_ R-06 Scavenger collects Imp. Ion Engine. 01763_ R-06 Scavenger collects Hvy. Assault Rifle. 01861_ W-25 Informer distress signal alerts nearby ally. 01869_ G-47 Trooper suffers critical hit (Destroy). 01869_ Destroyed Lgt. Nuclear Core. 01869_ G-47 Trooper calls for garrison reinforcements. 01869_ ALERT: Activating Garrison Access M001. Map ----- +----------------------------------------------------+ | ???????# # # "R" #????????????????????? | | ???????# # # """ #????????????????????? | | ???????#########?# #] #????????????????????? | | ???????# [ #??# ########????????????????????? | | ???????# ! #??# #???????????????????????????? | | ???????# #??# #???????????????????????????? | | ???????#=! #??# #???????????????????????????? | | ???????#=[ #??# #?????????########?????###### | | ?####### #??# #???####### #?????# | | ?# ###+####### ##### # #?????# "" | | ?# # """ #?????# "" | | ?# + "T #?????# "" | | ?# # """ #?????# | | ?# [ ##########+######## # #?????# "" | | ### ##????# #??### ##########?????# "" | | # #?????# ###### #??????????????# "" | | # #?????# ##== ####???????????# | | + #?????# ##== #???#############+ | | # #?????# ##!! #???# === # | | # ####### ##!! ##### === # | | # + ##[[ + == # | | # # ##[[ a##+##### !# | | # #######+######## # ## # | | # # wg + ## ## | | " # # # # ## ## | | " # # @ #!# ## ## | | " # < #[! g%###############+### | | # Y #!! # #???# | | ####### """ #!! = # ##### | | ??????# """ /#####+## | | ??????# " " """ + # ######+########+#### | | ??????# "G" """ #### T # ## """ """ ## # | | ??????# " """ #??# # ## """ """ ## T # | | ?????# #??# ! # ## """ """ ## # | | ?????## #??# # ## ##""" # | | ??????####T######## #??# = # ## ##""" ## | | ?????????###????# ?# # ## ##""" #? | | ????????????????# ###+## ## ## #? | | ????????????????# " + ##""" #? | | ????????????????# ####################""" #? | | ????????????????# #??????????????????#""" #? | | ????????????????#######??????????????????? #? | | ?????????????????????????????????????????????####? | | | | | | | | | | | | | | | +----------------------------------------------------+ Best States ------------- Heat Dissipation 31 Energy Generation 10 Energy Capacity 125 Matter Stores 300 Matter Capacity 300 Sight Range 16 Terrain Scan Density 10 Armor Coverage 150 Resistance: KI 35 Resistance: TH 35 Resistance: EX 35 Resistance: EM 35 Resistance: I 35 Resistance: S 35 Resistance: P 35 Evasion (%) 40 Offensive Hacking 20 Item Schematics ----------------- None Robot Schematics ------------------ None Fabricated ------------ Nothing Repaired ---------- Nothing Alien Tech Used ----------------- None Achievements -------------- None Challenges ------------ None Game ------ Seed KineticSubdwellerDevice Manual? 0 Play Time 00:09:29 Cumulative 39.4 hours Start 2025.08.25 @ 23:44:18 End 2025.08.25 @ 23:52:08 Sessions 1 Manual Loads 0 Difficulty Explorer Special Mode None Game No. 64 Rogue 24 Adventurer 25 Explorer 15 Win Type - Total 0 Types 0/0/0/0/0/0/0/0/0/0 Lore% 12 Gallery% 37 Achievement% 56 Wizard Run 0 Options --------- Layout 1 ASCII 0 Keyboard 0 Movement Arrows Keybinds 0 Fullscreen 1 Font 32/SmallcapsGlow Map View 77x35 Zoom Use 0% Tactical HUD 1 Map Filters NONE Filters NONE Steam 1 RUN: a7124999-f8bc-4368-b6f9-3629517a8e37